Unix NetHack Version 3.7.0-97 Work-in-progress - last build Feb 8 2024 15:05:57 (6d6cdf8371b60126770a3d7b88910941cb14a054,branch:master). Game began 2024-02-25 09:51:43, ended 2024-02-27 08:26:55. elenmirie, neutral female gnomish Archeologist ------ -------.--- ----------- |..*.| #######-...(.....| |...[r....| ## #|....| # |.........-# |....r@...| ###..<..-## -----------# |....r....-#####|....| # |.........| --.--- ## |...:....`| ############################ --.----+-|- # ###0## ## # ################################ # # #----------.- ---.----------- ### #|..........| |.............| ### #|..>......(| |.............| -.--|----- ---- #|...^.......####-.............| |........| |..| #|..........| --------------- |..^......###########...| #...........| |....^...| ---- |..........| |........| ------------ ---------- Elenmirie the Field Worker St:14 Dx:10 Co:13 In:16 Wi:15 Ch:9 Neutral Dlvl:1 $:2742 HP:0(40) Pw:21(21) AC:4 Xp:5/256 T:3047 Burdened Latest messages: Your sacrifice is consumed in a plume of smoke! You sense a conflict between Camaxtli and Quetzalcoatl. Unluckily, you feel the power of Camaxtli decrease. Your movements are only slowed slightly by your load. You have a little trouble lifting n - an elven mithril-coat. What do you want to drop? [$a-egiklnoqtwACHLOQ or ?*] n An elven mithril-coat lands on the altar. You have a little trouble lifting n - an uncursed elven mithril-coat. What do you want to take off? [bcO or ?*] b You were wearing an uncursed +0 leather jacket. You see here a burnt runed dagger. What do you want to drop? [$a-egiklnoqtwACHLOQ or ?*] b You drop an uncursed +0 leather jacket. What do you want to wear? [n or ?*] n You finish your dressing maneuver. What do you want to use or apply? [aegikloqtwCL or ?*] o A sewer rat suddenly appears close by! A sewer rat suddenly appears close by! A sewer rat suddenly appears close by! A sewer rat suddenly appears next to you! The sewer rat bites! You kill the sewer rat! The sewer rat bites! You miss the sewer rat. The sewer rat just misses! The sewer rat bites! The sewer rat misses! The sewer rat bites! The sewer rat misses! You miss the sewer rat. The sewer rat misses! The sewer rat bites! The sewer rat misses! You miss the sewer rat. The sewer rat bites! The sewer rat bites! The sewer rat misses! You lash the sewer rat. The sewer rat bites! The sewer rat bites! The sewer rat just misses! The sewer rat bites! The sewer rat bites! The sewer rat bites! You die... Do you want your possessions identified? [ynq] (y) y Do you want to see your attributes? [ynq] (y) y Do you want an account of creatures vanquished? [ynaq] (y) y Do you want to see your conduct and achievements? [ynq] (y) y Do you want to see the dungeon overview? [ynq] (y) y Inventory: Coins $ - 2742 gold pieces Weapons a - an uncursed +2 bullwhip (weapon in right hand) Armor c - an uncursed +0 fedora (being worn) O - an uncursed +0 pair of low boots (being worn) n - an uncursed +0 elven mithril-coat (being worn) Comestibles A - an uncursed ancient fruitcake d - 3 uncursed food rations Q - 2 uncursed lembas wafers H - an uncursed sprig of wolfsbane Spellbooks k - an uncursed spellbook of stone to flesh Wands C - an uncursed wand of light (0:14) Tools w - an uncursed oilskin sack containing 16 items L - an empty uncursed sack o - a cursed bag of tricks (0:14) q - an uncursed magic flute (0:5) l - an uncursed expensive camera (0:46) e - a cursed lock pick i - an uncursed oil lamp t - an uncursed tinning kit (0:59) Gems/Stones g - an uncursed touchstone Contents of the oilskin sack: 2 uncursed scrolls of confuse monster a cursed scroll of enchant armor an uncursed scroll of enchant weapon a blessed scroll of magic mapping an uncursed potion of enlightenment an uncursed potion of fruit juice a cursed potion of healing an uncursed potion of invisibility an uncursed potion of levitation an uncursed potion of object detection an uncursed potion of paralysis a cursed potion of see invisible an uncursed potion of water an uncursed -1 ring of protection a cursed ring of slow digestion an uncursed +0 pick-axe Elenmirie the Archeologist's attributes: Background: You were a Field Worker, a level 5 female gnomish Archeologist. You were neutral, on a mission for Camaxtli who was opposed by Quetzalcoatl (lawful) and Huhetotl (chaotic). You were right-handed. You were in the Dungeons of Doom, on level 1. You entered the dungeon 3047 turns ago. You had 256 experience points, 64 more were needed to attain level 6. Basics: You had 0 out of 40 hit points. You had all 21 energy points (spell power). Your armor class was 4. Your wallet contained 2742 zorkmids. Autopickup was on for '$' plus thrown. Final Characteristics: Your strength was 14 (limit:18/50). Your dexterity was 10 (limit:18). Your constitution was 13 (limit:18). Your intelligence was 16 (limit:19). Your wisdom was 15 (limit:18). Your charisma was 9 (limit:18). Final Status: You weren't hungry. You were burdened; movement was slightly slowed. You were wielding a whip. You had basic skill with whip and could have enhanced that. Final Attributes: You were piously aligned. You were telepathic. You had automatic searching. You had infravision. You were stealthy. You were guarded. You were unlucky. You are dead. Miscellaneous: You never encountered a bones level. Total elapsed playing time was 25 minutes and 58 seconds. Major events: Turn 1: elenmirie the neutral female gnomish Archeologist entered the dungeon 945: entered the Gnomish Mines 956: attained the rank of Field Worker (level 3) 1924: reached Mine Town 3047: killed by a sewer rat Vanquished creatures: an imp a rock mole 2 floating eyes 3 kobold leaders 2 kobold shamans a rothe 2 rabid rats 2 iguanas 2 acid blobs a coyote 3 hobbits 4 giant rats a cave spider a brown mold 3 yellow molds 3 geckos 6 jackals a kobold 2 goblins a sewer rat 9 grid bugs 4 lichens a kobold zombie 7 newts 63 creatures vanquished. No species were genocided or became extinct. Voluntary challenges: You read items or engraved 1 time. You never engraved Elbereth. You never genocided any monsters. You never polymorphed an object. You never changed form. You used no wishes. Achievements: You entered the Gnomish Mines. You attained the rank of Field Worker. You entered Minetown. You entered a shop. You entered a temple. The Dungeons of Doom: levels 1 to 2 Level 1: <- You were here. An altar. Final resting place for you, killed by a sewer rat. Level 2: Stairs down to The Gnomish Mines. The Gnomish Mines: levels 3 to 5 Level 3: Level 4: Level 5: A temple and an altar, many fountains. Game over: ---------- / \ / REST \ / IN \ / PEACE \ / \ | elenmirie | | 2742 Au | | killed by a | | sewer rat | | | | | | 2024 | *| * * * | * _________)/\\_//(\/(/\)/\//\/|_)_______ Goodbye elenmirie the Archeologist... You died in The Dungeons of Doom on dungeon level 1 with 3702 points, and 2742 pieces of gold, after 3047 moves. You were level 5 with a maximum of 40 hit points when you died.